 Dungeon Crawl Stone Soup version 0.26-a0-158-g66bac3cce0 (webtiles) character file.

Game seed: 6661109846316201807

210 gruber the Covered (level 5, -4/42 HPs)
             Began as a Hill Orc Hunter on July 2, 2020.
             Killed from afar by an orc wizard (8 damage)
             ... with a magic dart
             ... on level 6 of the Dungeon.
             The game lasted 00:04:44 (3527 turns).

gruber the Covered (Hill Orc Hunter)                Turns: 3527, Time: 00:04:45

Health: -4/42      AC:  8    Str: 16    XL:     5   Next: 88%
Magic:  0/5        EV: 11    Int: 11    God:
Gold:   130        SH:  3    Dex: 11    Spells: 4/4 levels left

rFire    . . .     SeeInvis .   C - +1 hand axe (vamp)
rCold    . . .     Faith    .   q - +0 buckler
rNeg     . . .     Spirit   +   c - +0 leather armour
rPois    .         Reflect  .   t - +0 helmet
rElec    .         Harm     .   z - +1 cloak
rCorr    .                      E - +0 pair of gloves
MR       .....                  (no boots)
Stlth    +.........             j - amulet of guardian spirit
HPRegen  0.14/turn              (no ring)
MPRegen  0.09/turn              (no ring)

@: stab, slowed, very slow
A: no striking features
a: no special abilities


You were on level 6 of the Dungeon.
You were not hungry.

You visited 1 branch of the dungeon, and saw 5 of its levels.

You collected 130 gold pieces.

Inventory:

Hand Weapons
 a - a +3 dagger
 b - a +1 hand crossbow
 x - a cursed -2 hunting sling
 C - a +1 vampiric hand axe (weapon)
Missiles
 d - 29 bolts
 y - 101 stones (quivered)
 A - 12 poisoned darts
Armour
 c - a +0 leather armour (worn)
 q - a +0 buckler (worn)
 t - a +0 helmet (worn)
 z - a +1 cloak (worn)
 E - a +0 pair of gloves (worn)
Jewellery
 j - an amulet of guardian spirit (around neck)
 v - an uncursed ring of protection from magic {unknown}
Scrolls
 e - 4 scrolls of teleportation {unknown}
 g - a scroll of magic mapping {unknown}
 l - 3 scrolls of remove curse {unknown}
 m - a scroll of enchant weapon {unknown}
 n - 5 scrolls of identify {unknown}
 o - a scroll of fear {unknown}
 s - a scroll of fog {unknown}
 u - a scroll of immolation {unknown}
 D - a scroll of amnesia {unknown}
Potions
 p - 2 potions of lignification {unknown}
 r - 3 potions of cancellation {unknown}
 w - a potion of haste {unknown}
 B - a potion of resistance {unknown}
Comestibles
 f - 8 rations
 F - 8 chunks of flesh


   Skills:
 - Level 2.4 Fighting
 + Level 3.3 Axes
 - Level 3.6 Crossbows
 - Level 5.0 Armour
 - Level 1.5 Dodging
 - Level 0.7 Stealth
 - Level 1.0 Shields


You had 4 spell levels left.
You didn't know any spells.
Your spell library was empty.

Dungeon Overview and Level Annotations

Branches:
Dungeon (4/15)
 Temple: D:4-7

Altars:
Cheibriados
Fedhas
Vehumet
Yredelemnul
Zin

Annotations:
D:6 Menkaure


Message History

You hit the worker ant zombie but do no damage.
You hit Menkaure. The orc wizard casts a spell at you.
The magic dart hits you but does no damage.
The worker ant zombie barely misses you.
Menkaure hits you.
The orc wizard hits you but does no damage.
You block the worker ant zombie's attack.
Menkaure hits you!
* * * LOW HITPOINT WARNING * * *
Unknown command.
Unknown command.
You barely miss the orc wizard.
The orc wizard is heavily wounded.
Your shield prevents you from hitting Menkaure.
You hit the worker ant zombie.
The orc wizard hits you but does no damage.
The orc wizard points at you and mumbles some strange words.
The magic dart hits you!
You die...

#############
#.....#.....#
#.....#.....#
#.....#oM...#
##....#@)..##
##....##Z..#
#.....##...#
#..........#
#..........#
#..........#
#########..Z.######
#......##....##...#
#..Z..............#


You could see Menkaure (fast), an orc wizard (fast) and a worker ant zombie.

Vanquished Creatures
  2 centaur zombies
  Terence (D:3)
  A worker ant (D:2)
  3 adders
  A shadow imp (D:4)
  A worm (D:4)
  2 dart slugs (D:1)
  3 leopard geckos
  2 orcs
  3 bats (D:1)
  4 giant cockroaches
  8 goblins
  3 hobgoblins
  3 jackals (D:4)
  A quokka (D:4)
  2 ball pythons
  A frilled lizard (D:1)
  7 kobolds
  3 rats
51 creatures vanquished.

Notes
Turn   | Place    | Note
-------+----------+-------------------------------------------
     0 | D:1      | gruber the Hill Orc Hunter began the quest for the Orb.
     0 | D:1      | Reached XP level 1. HP: 18/18 MP: 1/1
    93 | D:1      | Reached skill level 1 in Armour
   112 | D:1      | Reached XP level 2. HP: 25/25 MP: 2/2
   213 | D:1      | Reached skill level 2 in Armour
   770 | D:1      | Reached XP level 3. HP: 30/30 MP: 3/3
   855 | D:2      | Reached skill level 3 in Armour
  1331 | D:2      | Reached XP level 4. HP: 27/37 MP: 2/4
  1451 | D:2      | Found a snail-covered altar of Cheibriados.
  2068 | D:3      | Reached skill level 4 in Armour
  2181 | D:3      | Found a faded altar of an unknown god.
  2225 | D:3      | Found a radiant altar of Vehumet.
  2304 | D:3      | Noticed Terence
  2326 | D:3      | Killed Terence
  2692 | D:3      | Reached skill level 5 in Armour
  2692 | D:3      | Reached skill level 1 in Shields
  2692 | D:3      | Reached XP level 5. HP: 34/42 MP: 3/5
  2831 | D:3      | Found a basalt altar of Yredelemnul.
  3035 | D:4      | Noticed an ogre
  3103 | D:4      | Reached skill level 1 in Axes
  3357 | D:4      | You fall into a shaft and drop 2 floors!
  3445 | D:6      | Found a glowing silver altar of Zin.
  3452 | D:6      | Found a blossoming altar of Fedhas.
  3485 | D:6      | Noticed Menkaure
  3527 | D:6      | Killed from afar by an orc wizard

Illustrated notes

Levels and vault maps discovered:
D:1:      shiori_shiawase, layout_basic
D:2:      layout_loops_ring, cheibriados_altar_1, minmay_crystal_water
D:3:      layout_basic, vehumet_crystals, nicolae_overflow_hidden_temple,
          chequers_ecumenical_altar_simple_redux, uniq_terence
D:4:      layout_rooms, minivault_26, kennysheep_generic_room_10
D:6:      layout_gridville, minitemple, uniq_prince_ribbit1, uniq_menkaure

Skill      XL: |  1  2  3  4  5 |
---------------+----------------+-----
Armour         | 1 2 3 5 |  5.0
Shields        | 1 |  1.0
Axes           | 3 |  3.3
Fighting       | |  2.4
Crossbows      | |  3.6
Dodging        | |  1.5
Stealth        | |  0.7

Action                   |  1- 3 |  4- 6 || total
-------------------------+-------+-------++-------
Melee: Dagger            |    67 |       ||    67
       Short sword       |     2 |       ||     2
       Hand axe          |       |    86 ||    86
 Fire: Hand crossbow     |    20 |    34 ||    54
  Use: Potion            |       |     3 ||     3
 Stab: Sleeping          |       |     1 ||     1
  Eat: Chunk             |     1 |     4 ||     5
       Ration            |       |     1 ||     1
Armor: Leather armour    |    18 |    47 ||    65
Dodge: Dodged            |    58 |    74 ||   132
Block: Buckler           |     3 |    19 ||    22

Table legend:
 A = Non-vault XP
 B = Vault XP
 C = Vault XP percentage of total XP
 D = Non-vault monster count
 E = Vault monster count
 F = Vault count percentage of total count
                 A         B        C        D         E       F
            +---------+---------+-------+---------+---------+-------
      Total |     263 |      38 |  12.6 |      50 |       1 |   2.0
            +---------+---------+-------+---------+---------+-------
        D:1 |      36 |       0 |   0.0 |      19 |       0 |   0.0
        D:2 |      62 |       0 |   0.0 |      12 |       0 |   0.0
        D:3 |      72 |      38 |  34.5 |       8 |       1 |  11.1
        D:4 |      28 |       0 |   0.0 |       8 |       0 |   0.0
        D:6 |      65 |       0 |   0.0 |       3 |       0 |   0.0
            +---------+---------+-------+---------+---------+-------
